 Dungeon Sprint DCSS version 0.30-a0-989-g0d87f670db (webtiles) character file.

Game seed: 6418007307035569657

4004 fozzywoppz the Nimble (level 10, -5/89 HPs)
             Began as a Demonspawn Monk on Apr 2, 2023.
             Was the Champion of Wu Jian.
             Slain by a dream sheep (7 damage)
             ... in the Dungeon (Sprint VII: "The Pits").
             The game lasted 00:05:36 (893 turns).

fozzywoppz the Nimble (Demonspawn Monk)              Turns: 893, Time: 00:05:37

Health: -5/89      AC: 11    Str: 17    XL:     10   Next: 3%
Magic:  10/10      EV: 17    Int: 12    God:    Wu Jian [******]
Gold:   0          SH:  0    Dex: 20    Spells: 9/9 levels left

rFire   . . .      SeeInvis .      - Unarmed
rCold   . . .      Faith    .    (no shield)
rNeg    . . .      Spirit   .    r - +4 scale mail
rPois   .          Reflect  .    (no helmet)
rElec   .          Rampage  .    (no cloak)
rCorr   .          NoTele   +    (gloves unavailable)
Will    .....                    (no boots)
Stlth   +                        (no amulet)
HPRegen 2.34/turn                m - +3 ring of dexterity
MPRegen 0.12/turn                p - +3 ring of strength

@: no status effects
A: claws 3, hooves 2, powered by death 1, spiny 1
a: Renounce Religion, Wall Jump, Serpent's Lash, Heavenly Storm


You were in the Dungeon.
You worshipped Wu Jian.
Wu Jian was exalted by your worship.
You visited 1 branch

Inventory:

Armour
 a - a +3 chain mail
 e - a +0 robe of fire resistance
 r - a +4 scale mail (worn)
Jewellery
 m - a +3 ring of dexterity (left claw)
 p - a +3 ring of strength (right claw)
Scrolls
 h - a scroll of blinking
 j - 5 scrolls of amnesia
 k - a scroll of summoning
Potions
 b - a potion of ambrosia
 c - 6 potions of curing
 d - 3 potions of heal wounds
 f - 4 potions of magic
 g - 7 potions of berserk rage
 i - 2 potions of invisibility
 n - a potion of resistance
 o - 2 potions of brilliance
 q - a potion of mutation


   Skills:
 + Level 12.0 Fighting
 + Level 6.1 Armour
 + Level 13.0 Dodging
 - Level 2.0 Stealth
 + Level 12.9 Unarmed Combat


You had 9 spell levels left.
You didn't know any spells.
Your spell library was empty.

Dungeon Overview and Level Annotations

Branches:
Dungeon (1/1)

Altars:
Ashenzari
Cheibriados
Dithmenos
Fedhas
Gozag
Hepliaklqana
Kikubaaqudgha
Makhleb
Nemelex Xobeh
Okawaru
Qazlal
Ru
Sif Muna
Trog
Uskayaw
Vehumet
Wu Jian
Xom
Yredelemnul
Jiyva
Lugonu


Innate Abilities, Weirdness & Mutations

You have claws for hands.
You have hoof-like feet.
You regenerate a little health from kills.
You are partially covered in sharp spines.


Message History

The boulder beetle leaps!
The dream sheep is struck by your spines.
The dream sheep bites you but does no damage.
You closely miss the dream sheep. You kick the dream sheep.
You kill the dream sheep!
The Council accepts your kill.
The dream sheep ruffles its wool and motes of dream dust sparkle, to no effect.
You barely miss the dream sheep. You kick the dream sheep.
The dream sheep is lightly wounded.
The dream sheep bites you.
You mangle the dream sheep!!
You kill the dream sheep!
The Council accepts your kill.
Your Fighting skill increases to level 12!
Your Armour skill increases to level 6!
Your Dodging skill increases to level 13!
You have reached level 10!
Your demonic ancestry asserts itself...
Your hands twist into claws.
The dream sheep bites you but does no damage.
The boulder beetle bites you!!
* * * LOW HITPOINT WARNING * * *
You see here a dream sheep corpse.
You mangle the boulder beetle!!
You kick the boulder beetle, but do no damage.
The boulder beetle is moderately wounded.
The boulder beetle closely misses you. The dream sheep barely misses you.
You claw the boulder beetle!
You kick the boulder beetle, but do no damage.
The boulder beetle is heavily wounded.
The dream sheep barely misses you. The boulder beetle misses you.
You claw the boulder beetle!
You kick the boulder beetle, but do no damage.
You claw the boulder beetle!
The boulder beetle is almost dead.
The boulder beetle bites you!!
* * * LOW HITPOINT WARNING * * *
The dream sheep is struck by your spines.
The dream sheep bites you!
You die...

.#.#####'#####''######
##.##.......##''#####
.#.##.......##..†...+ '
.†.##.......##......+ .'
#####...<...##.....##..#
))[##.......##...###....
)).##.......##..##......
#####.......##')#Y..#..#
#..###########..@B......
#.############++#...#..#
#.#....#..[[# #......
#'#....#..[[# ##....
#)'....'..))# ..#
#'#....#..))# .+
'.#....#..))# +
#############


You could see a boulder beetle and a dream sheep.

Vanquished Creatures
  A flayed ghost (D)
  A deep troll (D)
  A kobold demonologist (D)
  A rime drake (D)
  An ice devil (D)
  6 dream sheep (D)
  A flying skull (D)
  A ynoxinul (D)
  A basilisk (D)
  Menkaure (D)
  2 floating eyes (D)
  A sky beast (D)
  An ice beast (D)
  A phantom (D)
  A necrophage (D)
  2 scorpions (D)
  A mummy (D)
  A gnoll (D)
  An adder (D)
  A river rat (D)
  An endoplasm (D)
  A hobgoblin (D)
  5 quokkas (D)
  A frilled lizard (D)
  A kobold (D)
36 creatures vanquished.

Notes
Turn   | Place    | Note
-------+----------+-------------------------------------------
     0 | D        | fozzywoppz the Demonspawn Monk began the quest for the Orb.
     0 | D        | Reached XP level 1. HP: 18/18 MP: 1/1
    37 | D        | Found a basalt altar of Yredelemnul.
    37 | D        | Found a shimmering altar of Xom.
    37 | D        | Found an ornate altar of the Wu Jian Council.
    37 | D        | Found a bloodstained altar of Trog.
    37 | D        | Found a shimmering blue altar of Sif Muna.
    37 | D        | Found a sacrificial altar of Ru.
    37 | D        | Found a stormy altar of Qazlal.
    37 | D        | Found an iron altar of Okawaru.
    37 | D        | Found a sparkling altar of Nemelex Xobeh.
    37 | D        | Found a burning altar of Makhleb.
    37 | D        | Found a viscous altar of Jiyva.
    37 | D        | Found a hazy altar of Hepliaklqana.
    37 | D        | Found an opulent altar of Gozag.
    37 | D        | Found a blossoming altar of Fedhas.
    37 | D        | Found a shadowy altar of Dithmenos.
    37 | D        | Found a snail-covered altar of Cheibriados.
    38 | D        | Found a radiant altar of Vehumet.
    38 | D        | Found a corrupted altar of Lugonu.
    39 | D        | Found a hide-covered altar of Uskayaw.
    39 | D        | Found an ancient bone altar of Kikubaaqudgha.
    39 | D        | Found a broken altar of Ashenzari.
    52 | D        | Became a worshipper of the Wu Jian Council
    52 | D        | Reached * piety under Wu Jian
    52 | D        | Reached ** piety under Wu Jian
    69 | D        | Reached skill level 3 in Dodging
   129 | D        | Noticed a floating eye
   146 | D        | Paralysed by a floating eye for 2 turns
   151 | D        | Paralysed by a floating eye for 2 turns
   154 | D        | Killed a floating eye
   154 | D        | Reached *** piety under Wu Jian
   155 | D        | Reached skill level 5 in Dodging
   155 | D        | Reached skill level 5 in Unarmed Combat
   155 | D        | Discovered your monstrous ancestry.
   155 | D        | Gained mutation: You have sharp fingernails. [demonic
                  | ancestry]
   155 | D        | Reached XP level 2. HP: 20/28 MP: 2/2
   155 | D        | Gained mutation: You are partially covered in sharp spines.
                  | [demonic ancestry]
   155 | D        | Reached XP level 3. HP: 25/34 MP: 3/3
   155 | D        | Gained mutation: You have very sharp fingernails. [demonic
                  | ancestry]
   155 | D        | Reached XP level 4. HP: 29/40 MP: 4/4
   198 | D        | Noticed a floating eye
   200 | D        | Paralysed by a floating eye for 4 turns
   208 | D        | Paralysed by a floating eye for 4 turns
   213 | D        | Killed a floating eye
   214 | D        | Reached skill level 6 in Dodging
   214 | D        | Gained mutation: You have large cloven feet. [demonic
                  | ancestry]
   214 | D        | Reached XP level 5. HP: 48/48 MP: 5/5
   226 | D        | Reached **** piety under Wu Jian
   322 | D        | Noticed Menkaure
   332 | D        | Killed Menkaure
   333 | D        | Reached skill level 7 in Dodging
   333 | D        | Reached XP level 6. HP: 56/56 MP: 6/6
   345 | D        | Reached skill level 8 in Dodging
   348 | D        | Reached ***** piety under Wu Jian
   364 | D        | Noticed a kobold demonologist
   372 | D        | Killed a kobold demonologist
   373 | D        | Reached skill level 10 in Fighting
   373 | D        | Reached skill level 9 in Dodging
   373 | D        | Reached XP level 7. HP: 66/66 MP: 7/7
   374 | D        | Noticed a flying skull
   393 | D        | Killed a flying skull
   394 | D        | Reached skill level 10 in Dodging
   394 | D        | Reached skill level 10 in Unarmed Combat
   398 | D        | Gained mutation: You have hoof-like feet. [demonic
                  | ancestry]
   398 | D        | Reached XP level 8. HP: 57/72 MP: 8/8
   444 | D        | Noticed a rime drake
   444 | D        | Noticed an ice devil
   460 | D        | Killed an ice devil
   466 | D        | Reached skill level 11 in Dodging
   469 | D        | Killed a rime drake
   469 | D        | Reached ****** piety under Wu Jian
   697 | D        | Reached skill level 1 in Armour
   840 | D        | Noticed a flayed ghost
   844 | D        | Noticed a dream sheep
   844 | D        | Noticed a dream sheep
   853 | D        | Killed a flayed ghost
   854 | D        | Reached skill level 12 in Dodging
   854 | D        | Gained mutation: You regenerate a little health from kills.
                  | [demonic ancestry]
   854 | D        | Reached XP level 9. HP: 79/79 MP: 9/9
   861 | D        | Noticed a boulder beetle
   862 | D        | Noticed a deep troll
   868 | D        | Reached skill level 5 in Armour
   874 | D        | Killed a deep troll
   890 | D        | Reached skill level 13 in Dodging
   890 | D        | Gained mutation: You have claws for hands. [demonic
                  | ancestry]
   890 | D        | Reached XP level 10. HP: 32/89 MP: 10/10
   893 | D        | HP: 2/89 [boulder beetle (20)]
   893 | D        | Slain by a dream sheep

Illustrated notes

Levels and vault maps discovered:
D:        pitsprint [storerooms_1, entrance_room_1, metal_vault_4, armoury_1,
          mini_pit_1, grid_room_1, main_hall_1, silver_pit, the_coven_1,
          the_vestibule_1, steel_vault_3, golden_pit, hallway_of_sentries,
          crystal_vault_2, iron_vault_1, final_vault]

Skill      XL: |  1  2  3  4  5  6  7  8  9 |
---------------+----------------------------+-----
Dodging        | 5 6 7 9 10 12 13 | 13.0
Stealth        | 2 |  2.0
Unarmed Combat | 5 6 7 9 10 12 | 12.9
Fighting       | 6 7 8 10 12 | 12.0
Armour         | 3 6 |  6.1

Action                     |  1- 3 |  4- 6 |  7- 9 | 10-12 || total
---------------------------+-------+-------+-------+-------++-------
  Melee: Unarmed           |    30 |    41 |    81 |     3 ||   155
         Kick              |       |     7 |    22 |     3 ||    32
         Punch             |       |     2 |     7 |     1 ||    10
Ability: Whirlwind         |     2 |     4 |     2 |       ||     8
         Lunge             |       |       |     4 |       ||     4
    Use: Potion            |       |     1 |     5 |       ||     6
   Stab: Sleeping          |     1 |     1 |     1 |       ||     3
 Armour: Robe              |     3 |     2 |       |       ||     5
         Ring mail         |       |     5 |     8 |       ||    13
         Scale mail        |       |       |    14 |     1 ||    15
  Dodge: Dodged            |     9 |    11 |    39 |     4 ||    63

Table legend: (Time is in decaauts)
 A = Elapsed time spent in this place.
 B = Non-inter-level travel time spent in this place.
 C = Inter-level travel time spent in this place.
 D = Time resting spent in this place.
 E = Time spent auto-exploring this place.
 F = Levels seen in this place.
 G = Mean time per level.
                   A        B        C        D        E       F      G
               +--------+--------+--------+--------+--------+-----+--------+
         Total |    852 |    852 |      0 |    341 |      0 |   1 |  852.0 |
       Dungeon |    852 |    852 |      0 |    341 |      0 |   1 |  852.0 |
               +--------+--------+--------+--------+--------+-----+--------+

Top non-repeatable levels by time:
       D: 852 daAuts
